 Dungeon Crawl Stone Soup version 0.24-a0-123-ga2403f3 (console) character file.

Game seed: 16153425577544529625

200 Duffy the Chopper (level 5, -6/45 HPs)
             Began as a Naga Gladiator on Feb 22, 2019.
             Shot with an arrow by a centaur (12 damage)
             ... on level 5 of the Dungeon.
             The game lasted 00:02:08 (2597 turns).

Duffy the Chopper (Naga Gladiator)                  Turns: 2597, Time: 00:02:08

Health: -6/45      AC:  7    Str: 16    XL:     5   Next: 79%
Magic:  5/5        EV:  5    Int:  9    God:
Gold:   94         SH:  0    Dex: 13    Spells: 4/4 levels left

rFire    . . .     SeeInvis +   a - +0 war axe
rCold    . . .     Gourm    .   (no shield)
rNeg     . . .     Faith    .   j - +0 chain mail
rPois    +         Spirit   .   c - +0 helmet
rElec    .         Reflect  .   (no cloak)
rCorr    .         Harm     .   o - +0 pair of gloves
MR       .....                  (no barding)
Stlth    ..........             (no amulet)
HPRegen  0.15/turn              l - ring of attention (curse)
MPRegen  0.09/turn              (no ring)

@: very slow
A: large, see invisible, deformed body, poison resistance, slowness 2, slow
metabolism 1, spit poison 1, AC +1
a: Spit Poison


You were on level 5 of the Dungeon.
You were very hungry.

You visited 1 branch of the dungeon, and saw 4 of its levels.

You collected 94 gold pieces.

Inventory:

Hand Weapons
 a - a +0 war axe (weapon)
Missiles
 d - 3 throwing nets (quivered)
Armour
 c - a +0 helmet (worn)
 j - a +0 chain mail (worn)
 o - a +0 pair of gloves (worn)
Jewellery
 l - a cursed ring of attention (left hand)
Scrolls
 h - a scroll of amnesia {unknown}
 i - 2 scrolls of remove curse {unknown}
 k - a scroll of noise {unknown}
 m - 3 scrolls of identify {unknown}
 n - a scroll of immolation {unknown}
Potions
 b - a potion of magic {unknown}
 g - 2 potions of heal wounds {unknown}
Comestibles
 f - 2 rations


   Skills:
 - Level 2.0 Fighting
 + Level 6.3 Axes
 - Level 1.7 Throwing
 - Level 2.4 Dodging


You had 4 spell levels left.
You didn't know any spells.
Your spell library was empty.

Dungeon Overview and Level Annotations

Branches:
Dungeon (3/15)

Altars:
Vehumet

Annotations:
D:2 Natasha


Innate Abilities, Weirdness & Mutations

You cannot wear boots.
Your serpentine skin is tough. (AC +1)
You have supernaturally acute eyesight. (SInv)
Armour fits poorly on your strangely shaped body.
Your system is resistant to poisons. (rPois)
You cover ground very slowly.
You have a slow metabolism.
You can spit poison.


Message History

The splash of poison hits the orc wizard.
The orc wizard is poisoned.
You kill the orc wizard!
You feel slightly more hungry.
The goblin shouts!
The goblin throws a stone.
The stone hits you but does no damage.
You fall through a shaft for 2 floors!
The shaft crumbles and collapses.
An orc comes into view. It is wielding a +0 flail.
The orc shouts!
An orc comes into view. It is wielding a +3 whip.
The orc shouts!
A centaur comes into view.
The centaur shouts!
Found a great sword, a glowing leatherbound book and 15 poisoned needles.
Found a radiant altar of Vehumet.
Found an escape hatch in the ceiling.
You have got your breath back.
The centaur wields a +1 shortbow of velocity.
The centaur shoots an arrow.
The arrow hits you!
You die...

.. #.#. #....
#########.o.o.
#.......(....#
#.............
#c...:.....#._
#...<@........
#............#
#.............
#.....).......
##############


You could see a centaur and 2 orcs.

Vanquished Creatures
  An orc priest (D:2)
  3 orc wizards
  Natasha (D:2)
  2 adders (D:2)
  An ooze (D:2)
  4 orcs
  A giant cockroach (D:2)
  6 goblins
  5 hobgoblins
  6 bats
  2 frilled lizards
  8 kobolds
  5 rats
45 creatures vanquished.

Notes
Turn   | Place    | Note
-------+----------+-------------------------------------------
     0 | D:1      | Duffy the Naga Gladiator began the quest for the Orb.
     0 | D:1      | Reached XP level 1. HP: 19/19 MP: 1/1
   219 | D:1      | Reached XP level 2. HP: 21/26 MP: 2/2
   955 | D:2      | Reached skill level 4 in Axes
   955 | D:2      | Reached XP level 3. HP: 28/32 MP: 3/3
  1478 | D:2      | Noticed Natasha
  1490 | D:2      | Killed Natasha
  1490 | D:2      | Reached XP level 4. HP: 2/39 MP: 4/4
  1805 | D:2      | Reached skill level 5 in Axes
  2280 | D:2      | HP: 1/39 [orc priest/+0 mace (3)]
  2285 | D:2      | Reached XP level 5. HP: 2/45 MP: 5/5
  2569 | D:2      | Noticed Natasha
  2585 | D:3      | Reached skill level 6 in Axes
  2596 | D:3      | You fall through a shaft for 2 floors!
  2596 | D:5      | Entered Level 5 of the Dungeon
  2596 | D:5      | Found a radiant altar of Vehumet.
  2596 | D:5      | Noticed a centaur
  2597 | D:5      | Shot with an arrow by a centaur

Levels and vault maps discovered:
D:1:      dpeg_arrival_houses_and_road, layout_loops_cross, serial_glass,
          glass_columns_a, glass_columns_c, glass_columns_a, glass_columns_c,
          glass_columns_a, glass_columns_b, glass_columns_a, glass_columns_c,
          glass_columns_b, glass_columns_b, kennysheep_nondescript
D:2:      layout_loops_corners, uniq_natasha
D:3:      layout_loops_ring, first_ration, uniq_ijyb
D:5:      layout_rooms, vehumet_altar_wand_db

Skill      XL: |  1  2  3  4  5 |
---------------+----------------+-----
Axes           | 4 5 6 |  6.3
Fighting       | |  2.0
Throwing       | |  1.7
Dodging        | |  2.4

Action                   |  1- 3 |  4- 6 || total
-------------------------+-------+-------++-------
Melee: War axe           |    71 |    32 ||   103
 Abil: Spit Poison       |     2 |    11 ||    13
  Eat: Chunk             |     1 |     2 ||     3
Armor: Leather armour    |     2 |       ||     2
       Ring mail         |    27 |     4 ||    31
       Chain mail        |       |    28 ||    28
Dodge: Dodged            |    40 |    24 ||    64

Table legend:
 A = Non-vault XP
 B = Vault XP
 C = Vault XP percentage of total XP
 D = Non-vault monster count
 E = Vault monster count
 F = Vault count percentage of total count
                 A         B        C        D         E       F
            +---------+---------+-------+---------+---------+-------
      Total |     252 |      35 |  12.2 |      44 |       1 |   2.2
            +---------+---------+-------+---------+---------+-------
        D:1 |      19 |       0 |   0.0 |      12 |       0 |   0.0
        D:2 |     141 |      35 |  19.9 |      24 |       1 |   4.0
        D:3 |      92 |       0 |   0.0 |       8 |       0 |   0.0
            +---------+---------+-------+---------+---------+-------
